 Dungeon Crawl Stone Soup version 0.25.1-2-g60ff931df9 (webtiles) character file.

Game seed: 7577749387816203789

72 DearestLeader the Unweaver (level 4, -1/35 HPs)
             Began as a Demonspawn Abyssal Knight on Sept 28, 2020.
             Was a Follower of Lugonu.
             Slain by a goblin (3 damage)
             ... on level 1 of the Dungeon.
             The game lasted 00:03:28 (2026 turns).

DearestLeader the Unweaver (DsAK)                   Turns: 2026, Time: 00:03:28

Health: -1/35      AC:  3    Str: 10 (13) XL:     4   Next: 7%
Magic:  6/6        EV: 11    Int: 13 (14) God:    Lugonu [*.....]
Gold:   63         SH:  0    Dex: 11 (12) Spells: 3/3 levels left

rFire    + . .     SeeInvis .   a - +1 hand axe
rCold    . . .     Gourm    .   (no shield)
rNeg     . . .     Faith    .   b - +0 leather armour
rPois    .         Spirit   .   (no helmet)
rElec    .         Reflect  .   (no cloak)
rCorr    .         Harm     .   (no gloves)
MR       .....                  (no boots)
Stlth    +.........             (no amulet)
HPRegen  0.11/turn              f - ring of flight
MPRegen  0.10/turn              (no ring)

@: mighty, stab
A: claws 1, demonic guardian 1, fire resistance 1, low mp 1
a: Depart the Abyss, Renounce Religion, Evoke Flight


You were on level 1 of the Dungeon.
You worshipped Lugonu.
Lugonu was aware of your devotion.
You were hungry.

You visited 1 branch of the dungeon, and saw 2 of its levels.
You visited the Abyss 1 time.

You collected 63 gold pieces.

Inventory:

Hand Weapons
 a - a +1 hand axe (weapon)
Armour
 b - a +0 leather armour (worn)
Jewellery
 f - a ring of flight (left claw)
 k - a +6 ring of dexterity {unknown}
Scrolls
 d - a scroll of amnesia {unknown}
 h - a scroll of blinking {unknown}
 j - 3 scrolls of remove curse {unknown}
Comestibles
 c - 3 rations


   Skills:
 - Level 3.0 Fighting
 * Level 3.4 Axes
 - Level 1.7 Armour
 - Level 0.8 Dodging
 + Level 3.7 Invocations


You had 3 spell levels left.
You didn't know any spells.
Your spell library was empty.

Dungeon Overview and Level Annotations

Branches:
Dungeon (2/15)

Altars:
Fedhas

Annotations:
D:2 Sigmund


Innate Abilities, Weirdness & Mutations

A weak demonic guardian rushes to your aid.
Your flesh is heat resistant. (rF+)
You have sharp fingernails.
Your magical capacity is low. (-10% MP)


Message History

The goblin hits you.
* * * LOW HITPOINT WARNING * * *
You climb upwards.
There is a stone staircase leading down here.
You closely miss the goblin. The goblin hits you.
* * * LOW HITPOINT WARNING * * *
It was a potion of mutation.
You feel extremely strange.
You feel less energetic.
Your fingernails lengthen.
The goblin closely misses you.
It was a potion of stabbing.
You feel ready to backstab. The goblin hits you but does no damage.
It was a potion of degeneration.
There was something very wrong with that liquid.
You feel weakened.
You feel dopey.
You feel clumsy. The goblin hits you but does no damage.
It was a potion of might.
You feel very mighty all of a sudden. The goblin hits you.
You die...

.≈....≈.....##.#
#.........#
.#....#.....##.#
#####.#####
.'#§≈##........## #.#
......#####.....## #.#
#######.##.......########.#
##.##................#
#...#.###.#.##########
#.#.....#.#÷# #...#.#...g@#
#####.......# #.......#
#####.### #.# #.# #.# #.#
####### ##.##


You could see a goblin.

Vanquished Creatures
  An adder (D:1)
  2 oozes (D:1)
  A leopard gecko (D:1)
  5 bats
  2 giant cockroaches (D:1)
  4 goblins (D:1)
  7 jackals (D:1)
  3 frilled lizards (D:1)
  8 kobolds
  4 rats
37 creatures vanquished.

Vanquished Creatures (collateral kills)
  Natasha (D:1)
  A hobgoblin (D:2)
  A kobold (D:2)
3 creatures vanquished.

Grand Total: 40 creatures vanquished

Notes
Turn   | Place    | Note
-------+----------+-------------------------------------------
     0 | Abyss:1  | DearestLeader the Demonspawn Abyssal Knight began the quest
                  | for the Orb.
     0 | Abyss:1  | Reached XP level 1. HP: 18/18 MP: 2/2
    50 | Abyss:1  | Noticed a frost giant skeleton
    52 | D:1      | Escaped the Abyss
   355 | D:1      | Gained mutation: Your flesh is heat resistant. (rF+)
                  | [demonic ancestry]
   355 | D:1      | Reached XP level 2. HP: 15/24 MP: 4/4
  1123 | D:1      | Gained mutation: A weak demonic guardian rushes to your
                  | aid. [demonic ancestry]
  1123 | D:1      | Reached XP level 3. HP: 28/29 MP: 5/5
  1135 | D:1      | Reached * piety under Lugonu
  1691 | D:2      | Noticed Natasha
  1692 | D:2      | Found a blossoming altar of Fedhas.
  1721 | D:1      | Killed Natasha
  1721 | D:1      | Reached XP level 4. HP: 12/35 MP: 6/6
  1983 | D:2      | Noticed Sigmund
  2023 | D:1      | Gained mutation: Your magical capacity is low. (-10% MP)
                  | [potion of mutation]
  2023 | D:1      | Gained mutation: You have sharp fingernails. [potion of
                  | mutation]
  2026 | D:1      | Slain by a goblin

Illustrated notes

Levels and vault maps discovered:
D:1:      dpeg_arrival_rooms_with_view, layout_loops_corners, minmay_ruptured
D:2:      layout_basic, grunt_temple_overflow_forces_of_nature, first_ration,
          uniq_sigmund, uniq_natasha

Skill      XL: |  1  2  3 |
---------------+----------+-----
Axes           | 2 3 |  3.4
Invocations    | 3 |  3.7
Fighting       | |  3.0
Armour         | |  1.7
Dodging        | |  0.8

Action                   |  1- 3 |  4- 6 || total
-------------------------+-------+-------++-------
Melee: Hand axe          |   120 |    12 ||   132
Invok: Depart the Abyss  |     1 |       ||     1
  Use: Potion            |       |     4 ||     4
  Eat: Chunk             |     3 |       ||     3
Armor: Leather armour    |    37 |     2 ||    39
Dodge: Dodged            |    96 |    10 ||   106
